 Dungeon Sprint DCSS version 0.17-a0-1133-gfb1399f (webtiles) character file.

1 esc the Insei (level 1, -1/13 HPs)
             Began as an Octopode Transmuter on May 25, 2015.
             Was an Initiate of Makhleb.
             Slain by a giant gecko (2 damage)
             ... in the Dungeon (Sprint VII: "The Pits").
             The game lasted 00:00:29 (63 turns).

esc the Insei (Octopode Transmuter)                   Turns: 63, Time: 00:00:29

Health: -1/13      AC:  1    Str:  9    XL:     1   Next: 20%
Magic:  3/3        EV: 12    Int: 15    God:    Makhleb [......]
Gold:   0          SH:  0    Dex: 12    Spells: 1 memorised, 3 levels left

rFire  . . .     SeeInvis .       - Unarmed
rCold  . . .     Clarity  .     (no shield)
rNeg   . . .     SustAt   .     (helmet restricted)
rPois  .         Gourm    .     (no amulet)
rElec  .         Spirit   .     (no ring)
rCorr  .         Warding  .     (no ring)
rMut   .         NoTele   +     (no ring)
MR     .....                    (no ring)
Stlth  ++........               (no ring)
                                (no ring)
                                (no ring)
                                (no ring)

@: not resistant to hostile enchantments, unstealthy
A: almost no armour, amphibious, 8 rings, constrict 8, camouflage 1, gelatinous
body 1
a: Renounce Religion


You were in the Dungeon.
You worshipped Makhleb.
Makhleb was noncommittal.
You were not hungry.

You visited 1 branch

Inventory:

Missiles
 a - 12 arrows
Magical staves
 p - an uncursed staff of energy {@w1+MP, hungerless spells, !d!a}
   (You found it in the Dungeon)
Scrolls
 i - a scroll of blinking {!r}
 m - 3 scrolls of remove curse
 n - 5 scrolls of amnesia
 o - a scroll of summoning
Potions
 d - a potion of curing
 e - a potion of heal wounds
 f - a potion of haste
 g - 4 potions of magic
 h - 3 potions of berserk rage {!q}
 l - 2 potions of invisibility
Books
 b - a book of Changes
Comestibles
 c - 8 bread rations {@e1}
 j - 40 fruits
 k - 7 meat rations {@e2}


   Skills:
 - Level 1.0 Fighting
 - Level 2.0 Dodging
 + Level 3.3 Unarmed Combat
 - Level 2.0 Spellcasting
 + Level 2.4 Transmutations


You had 3 spell levels left.
You knew the following spells:

 Your Spells              Type           Power        Failure   Level  Hunger
a - Beastly Appendage     Trmt           #.....       12%         1    #......


Dungeon Overview and Level Annotations

Branches:
Dungeon (1/1)

Altars:
Ashenzari
Cheibriados
Dithmenos
Elyvilon
Fedhas
Gozag
Kikubaaqudgha
Makhleb
Nemelex Xobeh
Okawaru
Qazlal
Ru
Sif Muna
Trog
Vehumet
Xom
Yredelemnul
Zin
The Shining One
Beogh
Jiyva
Lugonu


Innate Abilities, Weirdness & Mutations

You cannot wear most types of armour.
You are amphibious.
You can wear up to eight rings at the same time.
You can use your tentacles to constrict eight enemies at once.
Your skin changes colour to match your surroundings (Stealth).
Your rubbery body absorbs attacks (AC +1).


Message History

Welcome, esc the Octopode Transmuter.
Found a staircase leading out of the dungeon.
You open the door.
There is an open door to the Entrance Hall (Safe) here.
You open the door.
A jackal zombie comes into view.
One of your tentacles grows a vicious spike.
You now have 2/3 mp.
You tentacle-slap the jackal zombie but do no damage.
Your grab misses the jackal zombie. The jackal zombie barely misses you.
You tentacle-slap the jackal zombie. Your grab misses the jackal zombie.
You squeeze the jackal zombie. The jackal zombie barely misses you.
The jackal zombie closely misses you.
You completely miss the jackal zombie. You grab the jackal zombie.
You pierce the jackal zombie.
You destroy the jackal zombie!
There is an open door to the Storerooms (Easy) here.
Your transformation is almost over.
You open the door.
There is an open door here.
You open the door.
MP restored: 3
There is an open door here.
j - 40 fruits;
k - 7 meat rations {@e2};
c - 8 bread rations {@e1} (gained 7)
g - 4 potions of magic (gained 2)
h - 3 potions of berserk rage {!q} (gained 2)
l - 2 potions of invisibility Your tentacle spike disappears.
m - 3 scrolls of remove curse;
n - 5 scrolls of amnesia
o - a scroll of summoning You see here 2 scrolls of vulnerability {!r!r}.
p - an uncursed staff of energy {@w1+MP, hungerless spells, !d!a} You see here 10 stones.
You see here 2 scrolls of vulnerability {!r!r}.
There is an open door here.
As you open the door, it creaks loudly!
There is an open door here.
You see here a +2 trident.
There is an open door here.
You open the door.
Found seven altars.
Found thirteen altars.
There is an open door to the Temple (Safe) here.
There is a sacrificial altar of Ru here.
There is a burning altar of Makhleb here.
You curl up in front of the altar of Makhleb.
Makhleb welcomes you!
There is a deep blue altar of Sif Muna here.
There is a shimmering altar of Xom here.
There is a sparkling altar of Nemelex Xobeh here.
There is a corrupted altar of Lugonu here.
Found a stormy altar of Qazlal.
There is a viscous altar of Jiyva here.
Found an opulent altar of Gozag.
There is a roughly hewn altar of Beogh here.
There is a viscous altar of Jiyva here.
There is a corrupted altar of Lugonu here.
There is a sparkling altar of Nemelex Xobeh here.
There is a shadowy altar of Dithmenos here.
There is an open door to the Temple (Safe) here.
There is an open door here.
You open the door.
A giant gecko and a kobold come into view.
The kobold shouts!
You barely miss the kobold. Your grab misses the kobold.
Your squeeze misses the kobold. The kobold hits you.
You take 1 damage, and have 12/13 hp.
You tentacle-slap the kobold.
You kill the kobold!
Makhleb accepts your kill. The giant gecko bites you.
You take 3 damage, and have 9/13 hp.
MASSIVE DAMAGE!!
You tentacle-slap the giant gecko. Your grab misses the giant gecko.
Your squeeze misses the giant gecko. The giant gecko bites you.
You take 4 damage, and have 5/13 hp.
MASSIVE DAMAGE!!
You closely miss the giant gecko. Your grab misses the giant gecko.
Your squeeze misses the giant gecko. The giant gecko bites you.
* * * LOW HITPOINT WARNING * * *
You take 4 damage, and have 1/13 hp.
MASSIVE DAMAGE!!
You tentacle-slap the giant gecko but do no damage.
Your grab misses the giant gecko. The giant gecko bites you.
You die...

############
#__________#
#__________#
#.#####'##############++
#_#)))'.'..##...........
#_#)))#.#?(##......#..#
#######'#####..........
#......@....'...........
#+#####l#####......#..#.
... #........... #...#
####'#####+ #####
#.......# #.......#
#.......# #...<...#
#.......#


You could see a giant gecko.

Vanquished Creatures
  A jackal zombie (D)
  A kobold (D)
2 creatures vanquished.

Notes
Turn   | Place    | Note
--------------------------------------------------------------
     0 | D        | esc the Octopode Transmuter began the quest for the Orb.
     0 | D        | Reached XP level 1. HP: 13/13 MP: 3/3
    38 | D        | Found a sacrificial altar of Ru.
    38 | D        | Found a basalt altar of Yredelemnul.
    38 | D        | Found a glowing golden altar of the Shining One.
    38 | D        | Found a deep blue altar of Sif Muna.
    38 | D        | Found a burning altar of Makhleb.
    38 | D        | Found an ancient bone altar of Kikubaaqudgha.
    38 | D        | Found a glowing silver altar of Zin.
    39 | D        | Found a shadowy altar of Dithmenos.
    39 | D        | Found a bloodstained altar of Trog.
    39 | D        | Found a shattered altar of Ashenzari.
    39 | D        | Found a white marble altar of Elyvilon.
    39 | D        | Found a snail-covered altar of Cheibriados.
    39 | D        | Found a blossoming altar of Fedhas.
    39 | D        | Found a radiant altar of Vehumet.
    39 | D        | Found a shimmering altar of Xom.
    39 | D        | Found a sparkling altar of Nemelex Xobeh.
    39 | D        | Found a corrupted altar of Lugonu.
    39 | D        | Found a viscous altar of Jiyva.
    39 | D        | Found a roughly hewn altar of Beogh.
    39 | D        | Found an iron altar of Okawaru.
    42 | D        | Became a worshipper of Makhleb the Destroyer
    47 | D        | Found a stormy altar of Qazlal.
    48 | D        | Found an opulent altar of Gozag.
    62 | D        | HP: 1/13 [giant gecko (4)]
    63 | D        | Slain by a giant gecko

Vault maps used:
D:        pitsprint

Action                   || total
-------------------------++-------
Melee: Unarmed           ||     8
 Cast: Beastly Appendage ||     1

Vault maps used:
D:        pitsprint

Table legend:
 A = Turns spent in this place as a percentage of turns spent in the entire game.
 B = Non-inter-level travel turns spent in this place as a percentage of non-inter-level travel turns spent in the entire game.
 C = Inter-level travel turns spent in this place as a percentage of turns spent in this place.
 D = Turns resting spent in this place as a percentage of non-inter-level travel turns spent in this place.
 E = Turns spent auto-exploring this place as a percentage of non-inter-level travel turns spent in this place.
 F = Non-inter-level travel turns spent in this place divided by the number of levels of this place that you've seen.
                   A       B       C       D       E      F
               +-------+-------+-------+-------+-------+----------------------
         Total | 100.0 | 100.0 |   0.0 |   0.0 |   0.0 |  61.0
       Dungeon | 100.0 | 100.0 |   0.0 |   0.0 |   0.0 |  61.0
               +-------+-------+-------+-------+-------+----------------------

Table legend:
 A = Kills in this place as a percentage of kills in entire the game.
 B = Kills by you in this place as a percentage of kills by you in the entire game.
 C = Kills by friends in this place as a percentage of kills by friends in the entire game.
 D = Other kills in this place as a percentage of other kills in the entire game.
 E = Experience gained in this place as a percentage of experience gained in the entire game.
 F = Experience gained in this place divided by the number of levels of this place that you have seen.
                   A       B       C       D       E      F
               +-------+-------+-------+-------+-------+----------------------
         Total | 100.0 | 100.0 |  -nan |  -nan | 100.0 |   2.0
       Dungeon | 100.0 | 100.0 |  -nan |  -nan | 100.0 |   2.0
               +-------+-------+-------+-------+-------+----------------------
